 Dungeon Crawl Stone Soup version 0.30.1-11-g7821555f0a (webtiles) character file.

Game seed: 11444681651490262134

13127 Ijustatesigmund the Thaumaturge (level 11, -6/60 HPs)
             Began as a Deep Elf Earth Elementalist on Dec 12, 2023.
             Was a Believer of Vehumet.
             Mangled by a freezing wraith (9 damage)
             ... in an ice cave.
             The game lasted 00:36:02 (17790 turns).

Ijustatesigmund the Thaumaturge (DEEE)             Turns: 17790, Time: 00:36:03

Health: -6/60      AC: 15    Str:  5    XL:     11   Next: 71%
Magic:  23/38      EV: 10    Int: 25    God:    Vehumet [**....]
Gold:   734        SH:  0    Dex: 15    Spells: 25/34 levels left

rFire   . . .        i - +4 short sword (vamp)
rCold   . . .        (no shield)
rNeg    . . .        a - +2 swamp dragon scales
rPois   +            p - +2 helmet
rElec   .            (no cloak)
rCorr   .            (no gloves)
SInv    .            D - +0 pair of boots
Will    +....        (no amulet)
Stlth   +            j - ring of poison resistance
HPRegen 0.30/turn    u - ring of magical power
MPRegen 0.26/turn

%: no passive effects
@: slowed, very slow
A: no striking features
a: Renounce Religion


You were in an ice cave.
You worshipped Vehumet.
Vehumet was pleased with you.
You visited 2 branches of the dungeon, and saw 13 of its levels.
You also visited: Ice Cave.

You collected 734 gold pieces.

Inventory:

Hand Weapons
 c - a +0 short sword of protection
 i - a +4 vampiric short sword (weapon)
 o - a +1 heavy sling
Missiles
 E - a throwing net
Armour
 a - +2 swamp dragon scales (worn)
 k - a +0 buckler
 p - a +2 helmet (worn)
 D - a +0 pair of boots (worn)
 I - a +2 pair of gloves
Magical Staves
 x - a staff of conjuration
Jewellery
 j - a ring of poison resistance (left hand)
 l - a +6 ring of strength
 u - a ring of magical power (right hand)
 y - a ring of fire
 G - a ring of ice
Wands
 m - a wand of iceblast (8)
 t - a wand of flame (8)
 B - a wand of digging (8)
 C - a wand of polymorph (2)
Scrolls
 d - 5 scrolls of identify
 e - 3 scrolls of teleportation
 f - 2 scrolls of fear
 h - 2 scrolls of blinking
 n - 2 scrolls of poison
 A - 2 scrolls of amnesia
 F - 3 scrolls of immolation
 J - a scroll of summoning
Potions
 b - 2 potions of magic
 g - a potion of heal wounds
 q - 2 potions of resistance
 r - 7 potions of attraction
 s - 2 potions of mutation
 v - a potion of brilliance
 w - 2 potions of invisibility
 z - 5 potions of curing
 H - a potion of haste


   Skills:
 - Level 3.0 Fighting
 - Level 3.0 Short Blades
 - Level 6.3 Armour
 - Level 4.5 Dodging
 - Level 2.4 Stealth
 - Level 2.4 Shields
 + Level 12.2 Spellcasting
 - Level 7.0 Conjurations
 + Level 6.4 Translocations
 - Level 1.1 Transmutations
 - Level 4.6 Air Magic
 - Level 7.3 Earth Magic
 - Level 5.0 Poison Magic
 - Level 3.5 Evocations


You had 25 spell levels left.
You knew the following spells:

 Your Spells              Type           Power      Damage    Failure   Level
a - Sandblast             Erth           100%       2d20      1%          1
b - Stone Arrow           Conj/Erth      100%       3d13      2%          3
c - Mephitic Cloud        Conj/Pois/Air  43%        N/A       4%          3
d - Blink                 Tloc           94%        N/A       1%          2

Your spell library contained the following spells:

 Spells                   Type           Power      Damage    Failure   Level
 Searing Ray              Conj           100%       2d8       1%          2
 Lesser Beckoning         Tloc           94%        N/A       1%          2
 Poisonous Vapours        Pois/Air       78%        N/A       3%          2
 Gell's Gravitas          Tloc           47%        N/A       3%          3
 Teleport Other           Tloc           47%        N/A       3%          3
 Passwall                 Tmut/Erth      30%        N/A       4%          2
 Cigotuvi's Dreadful Rot  Necr/Pois/Air  62%        N/A       6%          2
 Swiftness                Air            38%        N/A       7%          3
 Hailstorm                Conj/Ice       33%        3d8       11%         3
 Manifold Assault         Tloc           47%        N/A       11%         4
 Wereblood                Tmut           20%        N/A       14%         2
 Freeze                   Ice            60%        1d7       16%         1
 Ensorcelled Hibernation  Hex/Ice        30%        N/A       22%         2
 Sublimation of Blood     Necr           15%        N/A       22%         2
 Petrify                  Tmut/Erth      36%        N/A       26%         4
 Frozen Ramparts          Ice            30%        1d5       41%         3
 Vampiric Draining        Necr           15%        2d7       41%         3
 Freezing Cloud           Conj/Ice/Air   17%        6-21      63%         5
 Storm Form               Tmut/Air       14%        N/A       100%        7
 Summon Hydra             Summ           7%         N/A       100%        7
 Necromutation            Tmut/Necr      9%         N/A       100%        8


Dungeon Overview and Level Annotations

Branches:
Dungeon (12/15)            Temple (1/1) D:4            Lair (0/5) D:11
  IceCv (1/1)
    Orc: D:9-12

Altars:
Ashenzari
Cheibriados
Dithmenos
Elyvilon
Fedhas
Gozag
Hepliaklqana
Kikubaaqudgha
Makhleb
Nemelex Xobeh
Okawaru
Qazlal
Ru
Sif Muna
Trog
Uskayaw
Vehumet
Wu Jian
Xom
Yredelemnul
Zin
The Shining One

Shops:
D:2 =

Annotations:
D:11 Fannar, Lodul


Message History

The stone arrow hits the freezing wraith!
The freezing wraith is moderately damaged.
The freezing wraith hits you but does no damage.
The freezing wraith completely misses you.
Casting: Stone Arrow (dangerous; 2% risk of failure)
Confirm with . or Enter, or press ? or * to list all spells.
Aiming: Stone Arrow (dangerous; 2% risk of failure)
Press: ? - help, Shift-Dir - straight line, f/p - freezing wraith
Aim: a freezing wraith (moderately damaged, 78% to hit)
The stone arrow misses the freezing wraith.
The freezing wraith hits you! The freezing wraith freezes you!
The freezing wraith hits you. The freezing wraith drains your vigour!
You feel yourself slow down.
Casting: Stone Arrow (dangerous; 2% risk of failure)
Confirm with . or Enter, or press ? or * to list all spells.
Aiming: Stone Arrow (dangerous; 2% risk of failure)
Press: ? - help, Shift-Dir - straight line, f/p - freezing wraith
Aim: a freezing wraith (moderately damaged, 78% to hit)
The stone arrow hits the freezing wraith!!
The freezing wraith is severely damaged.
The freezing wraith hits you. The freezing wraith freezes you!!
* * * LOW HITPOINT WARNING * * *
The freezing wraith barely misses you.
The freezing wraith hits you but does no damage. x2
You feel much better. The freezing wraith hits you.
The freezing wraith freezes you!
* * * LOW HITPOINT WARNING * * *
The freezing wraith hits you.
* * * LOW HITPOINT WARNING * * *
Casting: Stone Arrow (dangerous; 2% risk of failure)
Confirm with . or Enter, or press ? or * to list all spells.
Aiming: Stone Arrow (dangerous; 2% risk of failure)
Press: ? - help, Shift-Dir - straight line, f/p - freezing wraith
Aim: a freezing wraith (severely damaged, 78% to hit)
The stone arrow hits the freezing wraith.
The freezing wraith is almost destroyed.
The freezing wraith hits you!
* * * LOW HITPOINT WARNING * * *
The freezing wraith freezes you!
You die...

####### #.....###
........# # .......####
.# .......#.⌠#
###+#+#.#+#+ .......#W[+
#.'.........
.......########.8W8.8.8.
.........#......@.......
...⌠.....'..............
.........#..............
.......########.8.8.8.8.
.......#4)+ +.........
.......#.⌠# #+#+#.#+#+
.......### .# ........#
'# #.....###


You could see a freezing wraith.

Vanquished Creatures
  A boulder beetle (D:10)
  Sonja (D:10)
  2 cyclopes (D:12)
  A manticore (D:12)
  Maurice (D:8)
  Maggie (D:8)
  2 gargoyles
  2 ice statues (IceCv)
  Psyche (D:11)
  2 kobold demonologists (D:9)
  3 ice devils
  A troll (D:9)
  A hornet (D:10)
  14 yaks
  2 shadows (D:12)
  2 wyverns
  A dire elephant simulacrum (IceCv)
  3 acid dragons (D:10)
  3 water moccasins
  A swamp drake (D:8)
  2 orc warriors
  2 sky beasts
  6 ogres
  3 centaurs
  2 phantoms
  3 kobold brigands
  A gnoll sergeant (D:9)
  4 bullfrogs
  4 scorpions
  A cane toad simulacrum (IceCv)
  4 wights (D:6)
  6 killer bees
  3 howler monkeys (D:9)
  4 orc priests
  2 jellies
  2 gnoll boudas
  A hound (D:7)
  4 iguanas
  3 sleepcaps
  8 orc wizards
  A troll simulacrum (IceCv)
  A wolf simulacrum (IceCv)
  Robin (D:3)
  12 gnolls
  4 adders
  2 white imps (IceCv)
  3 worms
  A dart slug (D:2)
  33 orcs
  8 endoplasms
  6 giant cockroaches
  18 goblins
  6 hobgoblins
  7 jackals
  3 quokkas
  8 ball pythons
  3 bats (D:1)
  4 frilled lizards
  26 kobolds
  6 rats
263 creatures vanquished.

Vanquished Creatures (others)
  An orc (D:8)
1 creature vanquished.

Grand Total: 264 creatures vanquished

Notes
Turn   | Place    | Note
-------+----------+-------------------------------------------
     0 | D:1      | Ijustatesigmund the Deep Elf Earth Elementalist began the
                  | quest for the Orb.
     0 | D:1      | Reached XP level 1. HP: 10/10 MP: 6/6
   361 | D:1      | Reached XP level 2. HP: 16/16 MP: 6/8
   829 | D:1      | Reached skill level 1 in Fighting
  1019 | D:1      | Reached XP level 3. HP: 20/20 MP: 5/10
  1023 | D:1      | Learned a level 3 spell: Stone Arrow
  1370 | D:2      | Found Qegur's Jewellery Boutique.
  1489 | D:2      | Reached skill level 1 in Conjurations
  1554 | D:2      | Found a blossoming altar of Fedhas.
  1561 | D:2      | Reached skill level 4 in Spellcasting
  1723 | D:2      | Reached XP level 4. HP: 25/25 MP: 10/12
  2220 | D:3      | Noticed Robin
  2518 | D:3      | Killed Robin
  3628 | D:4      | Reached XP level 5. HP: 21/29 MP: 9/13
  3786 | D:4      | Reached skill level 5 in Spellcasting
  3850 | D:4      | Reached skill level 5 in Earth Magic
  3850 | D:4      | Reached XP level 6. HP: 34/34 MP: 13/16
  3999 | D:4      | Found a staircase to the Ecumenical Temple.
  4004 | Temple   | Entered the Ecumenical Temple
  4580 | D:4      | Reached skill level 6 in Spellcasting
  4580 | D:4      | Reached XP level 7. HP: 31/38 MP: 7/18
  5123 | D:4      | Reached skill level 5 in Conjurations
  5347 | D:5      | Entered Level 5 of the Dungeon
  5453 | D:5      | Found an opulent altar of Gozag.
  5453 | D:5      | Found a snail-covered altar of Cheibriados.
  5453 | D:5      | Found a burning altar of Makhleb.
  5694 | D:5      | Reached skill level 1 in Short Blades
  5794 | D:5      | Reached XP level 8. HP: 44/44 MP: 13/20
  6121 | D:5      | Reached skill level 7 in Spellcasting
  6604 | D:5      | Found a radiant altar of Vehumet.
  6613 | D:5      | Became a worshipper of Vehumet
  6694 | D:5      | Learned a level 3 spell: Mephitic Cloud
  6862 | D:6      | Reached skill level 1 in Air Magic
  6862 | D:6      | Reached skill level 1 in Poison Magic
  6862 | D:6      | Reached skill level 1 in Evocations
  6869 | D:6      | Got the Notes on Zombies
  7285 | D:6      | Reached XP level 9. HP: 49/49 MP: 15/22
  8416 | D:7      | Reached skill level 8 in Spellcasting
  9030 | D:8      | Noticed Maggie
  9038 | D:8      | Killed Maggie
  9220 | D:8      | Noticed Maurice
  9231 | D:9      | Reached skill level 1 in Armour
  9692 | D:9      | Noticed a troll
  9697 | D:9      | Killed a troll
 10021 | D:9      | Noticed a kobold demonologist
 10029 | D:9      | Killed a kobold demonologist
 10032 | D:9      | Noticed a kobold demonologist
 10051 | D:9      | Killed a kobold demonologist
 10051 | D:9      | Reached * piety under Vehumet
 10051 | D:9      | Offered knowledge of Foxfire by Vehumet.
 10443 | D:9      | Reached skill level 5 in Armour
 10626 | D:9      | Reached XP level 10. HP: 39/56 MP: 13/24
 12042 | D:10     | Entered Level 10 of the Dungeon
 12285 | D:10     | Noticed a boulder beetle
 12303 | D:10     | Killed a boulder beetle
 12304 | D:10     | Reached skill level 1 in Shields
 12521 | D:10     | Noticed Sonja
 12527 | D:10     | Killed Sonja
 12528 | D:10     | Reached skill level 9 in Spellcasting
 12813 | D:10     | Noticed a gargoyle
 13843 | D:8      | Killed Maurice
 14558 | D:10     | Reached skill level 5 in Poison Magic
 14573 | D:10     | Reached XP level 11. HP: 57/60 MP: 2/26
 14832 | D:10     | Learned a level 2 spell: Blink
 14890 | D:10     | Reached ** piety under Vehumet
 14890 | D:10     | Offered knowledge of Kiss of Death by Vehumet.
 14971 | D:10     | Reached skill level 1 in Translocations
 15383 | D:11     | Noticed Psyche
 15383 | D:11     | Noticed a white ugly thing
 15388 | D:11     | Noticed Fannar
 15391 | D:11     | Reached skill level 10 in Spellcasting
 15393 | D:11     | Noticed Lodul
 15397 | D:11     | Killed Psyche
 15795 | D:11     | Noticed a cyan ugly thing
 16111 | D:11     | Found a staircase to the Lair.
 16279 | D:12     | Reached skill level 11 in Spellcasting
 16379 | D:12     | Identified the +1 quarterstaff of Tenacity {freeze, rCorr
                  | Dex+4}
 16441 | D:12     | Reached skill level 5 in Translocations
 16599 | D:12     | Found a frozen archway.
 16611 | IceCv    | Entered an ice cave
 16624 | IceCv    | Offered knowledge of Searing Ray by Vehumet.
 17091 | IceCv    | Reached skill level 12 in Spellcasting
 17790 | IceCv    | HP: 3/60 [freezing wraith (7)]
 17790 | IceCv    | Mangled by a freezing wraith

Illustrated notes

Levels and vault maps discovered:
D:1:      matt_arrival_los_fun, layout_basic, chequers_serial_rivers_marsh,
          dreamdust_princess_corridor, minmay_misc_feat_rugged,
          hangedman_abyss_or_decor_stabs, glass_columns_b,
          kennysheep_another_room
D:2:      layout_loops_ring, serial_shops, shop, basic_altar, hex_medium
D:3:      layout_loops_corners, uniq_robin
D:4:      layout_loops_corners, minmay_temple_entry_glassed_door
D:5:      nicolae_cairo_tiling_large, layout_loops_ring,
          chequers_temple_overflow_statue_of_worship, lemuel_tele_altar
D:6:      layout_basic, serial_corexii_hall, chequers_hall_statues_wall_a,
          corexii_hall_statues_s, hellmonk_bongcloud_opening, minivault_22
D:7:      layout_gridville
D:8:      layout_loops_ring, uniq_maurice, uniq_maggie
D:9:      layout_basic
D:10:     layout_long_grid, uniq_sonja
D:11:     cheibrodos_tormentor_scu, layout_rooms, minmay_lair_entry_grove,
          orc_david_3, grunt_ministairs_10, uniq_psyche, uniq_lodul, uniq_fannar
D:12:     layout_roguey, serial_shops, shop, portal_ice_cave_demonic_guard
Temple:   hc_temple_tempest_star
IceCv:    ice_cave_tombish

Skill      XL: |  1  2  3  4  5  6  7  8  9 10 11 |
---------------+----------------------------------+-----
Fighting       | 1 2 3 |  3.0
Conjurations   | 1 2 3 4 5 7 |  7.0
Spellcasting   | 4 5 6 7 8 9 12 | 12.2
Earth Magic    | 4 5 6 7 |  7.3
Short Blades   | 1 2 3 |  3.0
Dodging        | 3 4 |  4.5
Air Magic      | 2 3 4 |  4.6
Poison Magic   | 2 3 5 |  5.0
Evocations     | 2 3 |  3.5
Armour         | 5 6 |  6.3
Shields        | 2 |  2.4
Translocations | 6 |  6.4
Stealth        | |  2.4
Transmutations | |  1.1

Action                     |  1- 3 |  4- 6 |  7- 9 | 10-12 || total
---------------------------+-------+-------+-------+-------++-------
  Melee: Battleaxe         |     3 |       |       |       ||     3
         Short sword       |    12 |    76 |    94 |   148 ||   330
         Punch             |       |       |       |     1 ||     1
   Cast: Sandblast         |    59 |    40 |    47 |    11 ||   157
         Stone Arrow       |       |     9 |    88 |   158 ||   255
         Mephitic Cloud    |       |       |    10 |    17 ||    27
         Blink             |       |       |       |     2 ||     2
  Evoke: Wand              |       |       |     2 |    14 ||    16
    Use: Scroll            |     2 |     8 |     6 |    16 ||    32
         Potion            |       |     3 |       |     9 ||    12
   Stab: Sleeping          |       |       |     3 |       ||     3
         Confused          |       |       |     2 |     2 ||     4
 Armour: Robe              |     4 |    16 |    13 |       ||    33
         Skin              |       |    17 |       |    62 ||    79
         Swamp dragon scal |       |       |    11 |    72 ||    83
  Dodge: Dodged            |    20 |    55 |    57 |    61 ||   193
